 Dungeon Crawl Stone Soup version 0.17-a0-1910-g4c791fa (webtiles) character file.

102 Goblin1989 the Insei (level 4, -4/23 HPs)
             Began as a Vine Stalker Monk on Sept 26, 2015.
             Slain by a gnoll
             ... wielding a +0 spear
              (6 damage)
             ... on level 3 of the Dungeon.
             The game lasted 00:06:01 (1903 turns).

Goblin1989 the Insei (Vine Stalker Monk)            Turns: 1903, Time: 00:06:01

Health: -4/23      AC:  4    Str: 13    XL:     4   Next: 77%
Magic:  0/5        EV: 13    Int: 12    God:
Gold:   204        SH:  0    Dex: 18    Spells: 0 memorised, 3 levels left

rFire  . . .     SeeInvis .       - Unarmed
rCold  . . .     Clarity  .     a - +0 robe
rNeg   . . .     SustAt   .     (no shield)
rPois  .         Gourm    .     q - +1 hat
rElec  .         Spirit   +     (no cloak)
rCorr  .         Warding  .     (no gloves)
rMut   .         Stasis   .     r - +0 pair of boots
MR     .....                    (no amulet)
Stlth  +++.......               u - +2 ring of intelligence
                                (no ring)

@: slowed, very slow, not resistant to hostile enchantments, fairly stealthy
A: fangs 2, regeneration 1, magic shield, antimagic bite, no device heal 3, rot
immunity
a: no special abilities


You were on level 3 of the Dungeon.
You were very hungry.

You visited 1 branch of the dungeon, and saw 3 of its levels.

You collected 204 gold pieces.

Inventory:

Missiles
 i - 7 poisoned needles
Armour
 a - a +0 robe (worn)
 q - a +1 hat (worn)
 r - a +0 pair of boots (worn)
Jewellery
 u - a +2 ring of intelligence (right hand)
Scrolls
 c - 3 scrolls of magic mapping
 d - 2 scrolls of identify
 e - 2 scrolls of noise
 f - a scroll of random uselessness
 h - a scroll of teleportation {unknown}
 j - a scroll of enchant weapon
 l - 3 scrolls of remove curse
 p - a scroll of fear {unknown}
 t - a scroll of enchant armour {unknown}
 v - a scroll of immolation {unknown}
Potions
 k - a potion of invisibility
 m - 3 potions of flight
 n - 2 potions of cure mutation {unknown}
 o - a potion of poison {unknown}
 w - a potion of magic {unknown}
Comestibles
 b - 2 bread rations
 g - 3 meat rations


   Skills:
 - Level 2.6 Fighting
 - Level 2.4 Dodging
 + Level 3.7 Stealth
 * Level 5.5 Unarmed Combat


You had 3 spell levels left.
You didn't know any spells.

Dungeon Overview and Level Annotations

Branches:
Dungeon (3/15)

Altars:
Ashenzari
Cheibriados
Fedhas
Kikubaaqudgha
Nemelex Xobeh
Zin

Shops:
D:3 *


Innate Abilities, Weirdness & Mutations

You have extremely sharp teeth.
Your natural rate of healing is unusually fast.
When hurt, damage is shared between your health and your magic reserves.
Your bite disrupts and absorbs the magic of your enemies.
Potions and wands cannot restore your health.
You are immune to rotting.


Message History

No target in view!
No target in view!
No target in view!
No target in view!
No target in view!
Things that are here:
a club; an orc corpse
There is a stone staircase leading down here.
You open the door. 2 hobgoblins and 2 gnolls come into view.
Found a snail-covered altar of Cheibriados.
There is an open door here.
The gnoll shouts! x2
The gnoll zaps a wand.
You feel yourself slow down.
It is a wand of slowing.
The gnoll hits you from afar with a spear!
The gnoll hits you from afar with a spear!
* * * LOW HITPOINT WARNING * * *
The gnoll barely misses you.
The gnoll hits you from afar with a spear.
You die...

*,* #(.....#
#######* #.####.#
#.....# #.# *,*
#.._.g####†####.#
#.....#..)))....#
#g....#....######
**#'#####..#
#..####..#
##ggg.@.>#
#.####.## #######
#.# #.# ......#
#.#**#.# #####.#
#.#*,..# .# #.#
#.#*,###
.####.######.#*,*
.....).......#*,*
..##...#####.#*,*


You could see 2 gnolls and a hobgoblin.

Vanquished Creatures
  4 adders
  2 worms (D:3)
  3 giant geckos
  5 orcs (D:3)
  4 bats
  A giant cockroach (D:3)
  11 hobgoblins
  3 giant newts
  6 goblins
  9 kobolds
  6 rats
  A fungus (D:1)
55 creatures vanquished.

Notes
Turn   | Place    | Note
--------------------------------------------------------------
     0 | D:1      | Goblin1989 the Vine Stalker Monk began the quest for the Orb.
     0 | D:1      | Reached XP level 1. HP: 11/11 MP: 2/2
   128 | D:1      | Found a sparkling altar of Nemelex Xobeh.
   396 | D:1      | Reached XP level 2. HP: 16/16 MP: 3/3
   869 | D:2      | Reached XP level 3. HP: 13/19 MP: 4/4
   963 | D:2      | Found a shattered altar of Ashenzari.
  1125 | D:2      | Found a faded altar to an unknown god.
  1250 | D:2      | Found a blossoming altar of Fedhas.
  1250 | D:2      | Found an ancient bone altar of Kikubaaqudgha.
  1420 | D:2      | Reached skill level 5 in Unarmed Combat
  1527 | D:3      | Reached XP level 4. HP: 13/23 MP: 3/5
  1600 | D:3      | Found a glowing silver altar of Zin.
  1624 | D:3      | Found Zin's Purification Station.
  1895 | D:3      | Found a snail-covered altar of Cheibriados.
  1900 | D:3      | HP: 1/23 [gnoll/spear (8)]
  1903 | D:3      | Slain by a gnoll

Vault maps used:
D:1:      lightli_arrival_boilingwater, minivault_23, minmay_gold_behind_fungi,
          nemelex_xobeh_ov_fountains_minmay
D:2:      grunt_temple_overflow_growth_and_decay, ecumenical_altar_2,
          evilmike_ruin_ashenzari
D:3:      zin_purify, cheibriados_altar_wand_db, first_bread, moated_statue,
          corexii_corridor_pit

Action                   |  1- 3 |  4- 6 || total
-------------------------+-------+-------++-------
Melee: Unarmed           |   120 |    48 ||   168
  Use: Scroll            |       |     7 ||     7
 Stab: Sleeping          |    12 |     1 ||    13
  Eat: Chunk             |     2 |       ||     2
